 Dungeon Crawl Stone Soup version 0.31.0-12-g77e489cdc1 (webtiles) character file.

Game seed: 11348406407843156642

3645 Arcanopteryx the Fighter (level 10, -12/68 HPs)
             Began as a Tengu Fighter on Feb 15, 2024.
             Was an Initiate of Gozag.
             Killed by divine providence
             ... invoked by an orc priest
              (15 damage)
             ... on level 8 of the Dungeon.
             The game lasted 00:16:50 (9123 turns).

Arcanopteryx the Fighter (Tengu Fighter)            Turns: 9123, Time: 00:16:50

Health: -12/68     AC:  8    Str: 20    XL:     10   Next: 12%
Magic:  11/11      EV: 30    Int: 10    God:    Gozag
Gold:   518        SH: 11    Dex: 17    Spells: 9/9 levels left

rFire   . . .        t - +3 falchion
rCold   . . .        c - +0 buckler
rNeg    . . .        g - +0 scale mail
rPois   +            (helmet restricted)
rElec   .            F - +0 cloak
rCorr   +            (no gloves)
SInv    .            (boots unavailable)
Will    +....        E - amulet "Vuudghets" {Reflect +Inv rPois rCorr Str+4 SH+5} Stlth
                     (no ring)
HPRegen 0.31/turn    (no ring)
MPRegen 0.12/turn

%: reflection, acrobat
@: about to teleport, acrobatic, flying, hasted, very quick
A: beak, talons 3, evasive flight, acrobatic, strong-willed 1, mutation
resistance 1
a: Renounce Religion, Evoke Invisibility, Potion Petition, Call Merchant, Bribe
Branch


You were on level 8 of the Dungeon.
You worshipped Gozag.
Gozag was pleased with you.
You visited 2 branches of the dungeon, and saw 9 of its levels.

You collected 1440 gold pieces.
You spent 832 gold pieces at shops.
You paid 90 gold pieces to Gozag.


Innate Abilities, Weirdness & Mutations

You have a beak for a mouth.
You have claws for feet.
Your magical flight helps you evade attacks. (EV +4)
You can magically evade attacks while moving or waiting.
You are strong-willed. (Will+)
You are somewhat resistant to further mutation.


   Skills:
 - Level 10.0 Fighting
 + Level 8.8 Long Blades
 + Level 4.0 Armour
 - Level 3.0 Dodging
 - Level 1.0 Stealth
 - Level 6.0 Shields
 - Level 3.0 Evocations


You had 9 spell levels left.
You didn't know any spells.
Your spell library contained the following spells:

 Spells                   Type           Power      Damage    Failure   Level
 Ensorcelled Hibernation  Hex/Ice        0%         N/A       88%         2
 Jinxbite                 Hex            0%         N/A       88%         2
 Dazzling Flash           Conj/Hex       0%         N/A       98%         3
 Mephitic Cloud           Conj/Alch/Air  0%         N/A       98%         3
 Passwall                 Erth           0%         N/A       98%         3
 Swiftness                Air            0%         N/A       98%         3
 Curse of Agony           Necr           0%         N/A       100%        5
 Silence                  Hex/Air        0%         N/A       100%        5
 Yara's Violent Unravell  Hex/Alch       0%         3d3       100%        5
 Enfeeble                 Hex            0%         N/A       100%        7

Inventory:

Hand Weapons
 d - a +4 dagger
 t - a +3 falchion (weapon)
 y - a +1 dagger of electrocution
Missiles
 i - 5 curare-tipped darts (quivered) {=f}
 B - 2 throwing nets {=f}
Armour
 c - a +0 buckler (worn)
 g - a +0 scale mail (worn)
 F - a +0 cloak (worn)
Magical Staves
 b - a staff of air {!a}
 D - a staff of earth {!a}
 I - a staff of fire {!a}
Jewellery
 E - the amulet "Vuudghets" (around neck) {Reflect +Inv rPois rCorr Str+4 SH+5}
   (You bought it in a shop on level 2 of the Dungeon)

   [amulet of reflection]

   Reflect:   It reflects blocked missile attacks.
   Str+4:     It affects your strength (+4).
   rPois:     It protects you from poison +Inv: It lets you turn invisible.
   rCorr:     It protects you from acid and corrosion.
   SH+5:      It affects your SH (+5).
Wands
 p - a wand of roots (3)
 u - a wand of charming (4)
 K - a wand of digging (2)
 L - a wand of polymorph (7)
Scrolls
 e - 4 scrolls of fog {unknown}
 j - a scroll of enchant weapon {unknown}
 k - 2 scrolls of enchant armour {unknown}
 m - a scroll of vulnerability {unknown}
 n - a scroll of torment {unknown}
 o - 2 scrolls of blinking {unknown}
 r - 7 scrolls of teleportation {@r2}
 x - 2 scrolls of amnesia {unknown}
 A - a scroll of noise {unknown}
 G - a scroll of fear {unknown}
 J - 3 scrolls of identify {@r1}
Potions
 a - a potion of lignification {unknown}
 f - a potion of enlightenment {unknown}
 l - 3 potions of curing {@q1}
 q - a potion of brilliance {unknown}
 s - a potion of degeneration {unknown}
 v - a potion of heal wounds {unknown}
 w - a potion of attraction {unknown}
 z - 2 potions of mutation
 C - a potion of ambrosia {unknown}
 H - a potion of resistance {unknown}

Dungeon Overview and Level Annotations

Branches:
Dungeon (8/15)             Temple (1/1) D:4
   Lair: D:8-11

Altars:
Ashenzari
Dithmenos
Elyvilon
Fedhas
Gozag
Hepliaklqana
Kikubaaqudgha
Nemelex Xobeh
Okawaru
Qazlal
Trog
Vehumet
Wu Jian
Xom
Yredelemnul
Zin
The Shining One

Shops:
D:2 =?   D:3 *   D:6 [

Annotations:
D:3 3 runed translucent doors, ShellytheWitch's ghost, amateur KoBr

#.......# #..####.#
#.## #.# #.# #.# #.#
#.# #.# #.# #.# #.#
##############.#####.#
#...oo.o.@...........#
#...#F#################
#. #. .. ... .oo. .o.##
#...


You could see an orc warrior, a bullfrog and 2 orc priests.


Message History

The orc warrior hits you with a +0 battleaxe!
* * * LOW HITPOINT WARNING * * *
A bullfrog comes into view.
The bullfrog gives a loud, deep croak!
You hit the orc warrior. Your peck misses the orc warrior.
The orc warrior is lightly wounded.
The orc priest calls upon Beogh to heal the orc warrior.
The orc warrior's wounds heal themselves!
The orc warrior hits you with a +0 battleaxe!!
* * * LOW HITPOINT WARNING * * *
Unknown command.
You hit the orc warrior. Your kick misses the orc warrior.
The orc warrior is lightly wounded.
You block the orc warrior's attack.
Unknown command.
You feel yourself speed up. You block the orc warrior's attack.
The orc priest mumbles some strange prayers to Beogh against you.
Beogh smites you!
* * * LOW HITPOINT WARNING * * *
Unknown command.
It was a potion of mutation.
You feel extremely strange.
You feel strong-willed.
You feel genetically stable. The orc warrior misses you.
Okay, then.
As you read the scroll of teleportation {@r2}, it crumbles to dust.
You feel strangely unstable. You block the orc warrior's attack.
The orc priest invokes the aid of Beogh against you.
Beogh smites you!
You die...
Your body crumbles into a pile of gold.

Skill      XL: |  1  2  3  4  5  6  7  8  9 |
---------------+----------------------------+-----
Fighting       | 4 5 7 10 | 10.0
Dodging        | 2 3 |  3.0
Stealth        | 1 |  1.0
Evocations     | 2 3 |  3.0
Armour         | 4 |  4.0
Shields        | 4 6 |  6.0
Long Blades    | 3 8 |  8.8

Action                     |  1- 3 |  4- 6 |  7- 9 | 10-12 || total
---------------------------+-------+-------+-------+-------++-------
  Melee: Long sword        |    71 |     7 |       |       ||    78
         Kick              |    26 |    19 |   102 |     6 ||   153
         Peck              |    13 |    12 |    61 |     4 ||    90
         Short sword       |    25 |    15 |       |       ||    40
         Dagger            |       |     7 |       |       ||     7
         Falchion          |       |    23 |   345 |    12 ||   380
  Evoke: Wand              |       |     7 |       |       ||     7
    Use: Scroll            |     2 |       |     1 |     1 ||     4
         Potion            |       |     1 |     1 |     2 ||     4
   Stab: Distracted        |       |       |     2 |       ||     2
 Armour: Scale mail        |    41 |    36 |   167 |     5 ||   249
  Dodge: Dodged            |    43 |    22 |   257 |     1 ||   323
  Block: Buckler           |    26 |    12 |   111 |     7 ||   156
         Reflection        |       |       |     5 |       ||     5

Levels and vault maps discovered:
D:1:      evilmike_arrival_crescent, layout_rooms, kennysheep_decorative_pillar,
          minmay_close_crescents
D:2:      layout_basic, basic_altar, ebering_ecumenical_altar_webs,
          serial_shops, shop, nicolae_lakefront_shop
D:3:      layout_rooms, zin_purify, nicolae_dithmenos_shadow_blocks,
          gammafunk_ghost_necromancy, serial_co_window_serial,
          co_window_corner_a, co_window_of_opportunity_a, co_window_paths_a,
          co_window_paths_a, co_window_paths_a, co_window_corner_cb,
          co_window_unsneaky_path_b, co_window_broadway_c, co_window_cross_3,
          co_window_4corner_b, co_window_paths_e, glass_columns_a,
          glass_columns_a, glass_columns_a, glass_columns_b, glass_columns_b
D:4:      minmay_general_purpose_star, layout_cave_pools,
          minmay_temple_entry_statues_pillars
D:5:      layout_loops_corners, nicolae_overflow_two_pavilions, serial_demonic,
          serial_demonic_b, serial_demonic_d, serial_demonic_b,
          serial_demonic_d, kennysheep_generic_room_16
D:6:      layout_basic, ashenzari_altar_1, serial_shops,
          nicolae_shop_pleasant_corner_grove, kennysheep_minor_cross,
          uniq_crazy_yiuf_cottage
D:7:      layout_basic, kennysheep_okawaru_gauntlet,
          serial_library_regret_index_small_wings, uniq_prince_ribbit1
D:8:      layout_loops_ring, grunt_ogre_cave
Temple:   nicolae_temple_ecumenical_triangle

Notes
Turn   | Place    | Note
-------+----------+-------------------------------------------
     0 | D:1      | Arcanopteryx the Tengu Fighter began the quest for the Orb.
     0 | D:1      | Reached XP level 1. HP: 14/14 MP: 2/2
   101 | D:1      | You fall into a shaft and drop 1 floor!
   101 | D:2      | Found Fugaof's Jewellery Shoppe.
   172 | D:2      | Reached XP level 2. HP: 19/19 MP: 3/3
   297 | D:1      | Reached skill level 4 in Fighting
   318 | D:1      | Reached XP level 3. HP: 21/24 MP: 4/4
   533 | D:1      | Reached skill level 1 in Dodging
   773 | D:2      | Found a faded altar of an unknown god.
   881 | D:2      | Found a shimmering altar of Xom.
  1137 | D:2      | Reached skill level 2 in Dodging
  1633 | D:2      | Found Cugoum Zofe's Magic Scroll Boutique.
  1643 | D:2      | Bought a scroll of identify for 24 gold pieces
  1793 | D:3      | Found a shadowy altar of Dithmenos.
  1906 | D:3      | Found Zin's Purification Station.
  1906 | D:3      | Found a glowing silver altar of Zin.
  1933 | D:3      | Reached XP level 4. HP: 26/29 MP: 5/5
  1971 | D:3      | Reached skill level 3 in Dodging
  2283 | D:3      | Found a runed translucent gate.
  2283 | D:3      | Found a runed translucent gate.
  2313 | D:3      | Reached skill level 1 in Stealth
  2313 | D:3      | Reached skill level 2 in Evocations
  2313 | D:3      | Reached XP level 5. HP: 14/33 MP: 6/6
  2398 | D:3      | Reached skill level 4 in Armour
  2614 | D:3      | Reached XP level 6. HP: 7/37 MP: 7/7
  2615 | D:3      | Reached skill level 4 in Shields
  3002 | D:3      | Found a runed translucent gate.
  3005 | D:3      | Noticed ShellytheWitch's ghost (amateur KoBr)
  3270 | D:4      | Reached skill level 3 in Evocations
  3277 | D:4      | Noticed a black bear
  3422 | D:3      | Killed a black bear
  3603 | D:4      | Identified the +10 mace "Grim Tooth" {elec, rPois MP+9
                  | Int+4 Dex-5}
  3619 | D:4      | Found a staircase to the Ecumenical Temple.
  3631 | Temple   | Entered the Ecumenical Temple
  3640 | Temple   | Became a worshipper of Gozag Ym Sagoz the Greedy
  3725 | D:4      | Reached skill level 5 in Fighting
  3725 | D:4      | Gained mutation: Your magical flight helps you evade
                  | attacks. (EV +4) [Tengu growth]
  3725 | D:4      | Reached XP level 7. HP: 25/44 MP: 8/8
  4285 | D:5      | Entered Level 5 of the Dungeon
  4289 | D:5      | Reached skill level 6 in Fighting
  4669 | D:5      | Found a bloodstained altar of Trog.
  4670 | D:5      | Found a stormy altar of Qazlal.
  5050 | D:5      | Identified the +1 pair of gloves of Defiance {Harm *Corrode
                  | rC+++ Dex+3}
  5267 | D:5      | Reached skill level 7 in Fighting
  5546 | D:6      | Reached skill level 3 in Long Blades
  5546 | D:6      | Reached XP level 8. HP: 43/53 MP: 9/9
  5616 | D:6      | Reached skill level 4 in Long Blades
  5709 | D:6      | Reached skill level 5 in Long Blades
  5907 | D:6      | Reached skill level 6 in Long Blades
  6013 | D:6      | Found a broken altar of Ashenzari.
  6126 | D:6      | Reached skill level 7 in Long Blades
  6267 | D:6      | Identified the +8 quarterstaff of Truncation {venom, rF+}
  6382 | D:6      | Found a runed translucent door.
  6383 | D:6      | Noticed Crazy Yiuf
  6663 | D:6      | Found Viamueg's Armour Shoppe.
  6763 | D:7      | Found an iron altar of Okawaru.
  6804 | D:7      | Reached skill level 8 in Long Blades
  6804 | D:7      | Reached XP level 9. HP: 51/57 MP: 10/10
  6892 | D:7      | Reached skill level 5 in Shields
  7162 | D:2      | Bought the amulet "Vuudghets" {Reflect +Inv rPois rCorr
                  | Str+4 SH+5} for 808 gold pieces
  7311 | D:6      | Killed Crazy Yiuf
  7627 | D:7      | Reached skill level 8 in Fighting
  7672 | D:7      | Identified the +1 leather armour of Lourone {Int+3}
  7711 | D:7      | Noticed Prince Ribbit
  7717 | D:7      | Killed Prince Ribbit
  7733 | D:7      | Reached skill level 6 in Shields
  8816 | D:8      | Reached skill level 9 in Fighting
  9034 | D:8      | Reached skill level 10 in Fighting
  9034 | D:8      | Reached XP level 10. HP: 63/68 MP: 11/11
  9119 | D:8      | HP: 2/68 [orc priest/divine providence (11)]
  9120 | D:8      | Gained mutation: You are strong-willed. (Will+) [potion of
                  | mutation]
  9120 | D:8      | Gained mutation: You are somewhat resistant to further
                  | mutation. [potion of mutation]
  9123 | D:8      | Killed from afar by an orc priest

Vanquished Creatures
  Prince Ribbit (D:7)
  5 yaks (D:8)
  A water moccasin (D:7)
  A sky beast (D:6)
  3 black bears
  2 ice beasts
  3 ogres
  5 centaurs
  A kobold brigand (D:6)
  3 bullfrogs
  A scorpion (D:6)
  4 wights (D:3)
  3 howler monkeys (D:8)
  A bombardier beetle (D:4)
  A quasit (D:5)
  2 jellies
  2 orc priests
  Crazy Yiuf (D:6)
  3 iguanas
  5 orc wizards
  4 gnolls (D:6)
  9 adders
  6 shadow imps
  8 white imps
  6 ufetubi
  4 ribbon worms
  3 dart slugs
  30 orcs
  5 ball pythons
  14 endoplasms
  3 giant cockroaches
  8 goblins
  7 hobgoblins
  2 jackals (D:1)
  13 kobolds
  2 bats (D:2)
  2 frilled lizards
  4 rats
178 creatures vanquished.

Table legend: (Time is in decaauts)
 A = Elapsed time spent in this place.
 B = Non-inter-level travel time spent in this place.
 C = Inter-level travel time spent in this place.
 D = Time resting spent in this place.
 E = Time spent auto-exploring this place.
 F = Levels seen in this place.
 G = Mean time per level.
                   A        B        C        D        E       F      G
               +--------+--------+--------+--------+--------+-----+--------+
         Total |   9181 |   8709 |    472 |   1478 |   5931 |   9 | 1020.1 |
       Dungeon |   9162 |   8699 |    463 |   1478 |   5931 |   8 | 1145.2 |
        Temple |     18 |     10 |      8 |      0 |      0 |   1 |   18.0 |
               +--------+--------+--------+--------+--------+-----+--------+

Top non-repeatable levels by time:
     D:3: 2003 daAuts
     D:6: 1347 daAuts
     D:7: 1279 daAuts
     D:5: 1257 daAuts
     D:2: 1056 daAuts
     D:4: 829 daAuts
     D:8: 713 daAuts
     D:1: 675 daAuts
  Temple: 18 daAuts

Table legend:
 A = Non-vault XP
 B = Vault XP
 C = Vault XP percentage of total XP
 D = Non-vault monster count
 E = Vault monster count
 F = Vault count percentage of total count
                 A         B        C        D         E       F
            +---------+---------+-------+---------+---------+-------
      Total |    4432 |     776 |  14.9 |     144 |      34 |  19.1
            +---------+---------+-------+---------+---------+-------
        D:1 |      25 |      12 |  32.4 |      13 |       6 |  31.6
        D:2 |      27 |       0 |   0.0 |      13 |       0 |   0.0
        D:3 |     487 |       0 |   0.0 |      26 |       0 |   0.0
        D:4 |     203 |      79 |  28.0 |      12 |       7 |  36.8
        D:5 |      70 |     249 |  78.1 |       3 |      16 |  84.2
        D:6 |    1078 |      40 |   3.6 |      29 |       1 |   3.3
        D:7 |    1148 |     278 |  19.5 |      24 |       3 |  11.1
        D:8 |    1394 |     118 |   7.8 |      24 |       1 |   4.0
            +---------+---------+-------+---------+---------+-------
